 Dungeon Crawl Stone Soup version 0.28.0-43-g3370ac3207 (webtiles) character file.

Game seed: 7686035718378279963

66 fknight the Chopper (level 4, -2/41 HPs)
             Began as a Hill Orc Monk on Mar 4, 2022.
             Slain by a worm (4 damage)
             ... on level 3 of the Dungeon.
             The game lasted 00:04:30 (1986 turns).

fknight the Chopper (Hill Orc Monk)                 Turns: 1986, Time: 00:04:30

Health: -2/41      AC:  8    Str: 15    XL:     4   Next: 15%
Magic:  4/4        EV:  7    Int: 10    God:
Gold:   73         SH:  0    Dex: 13    Spells: 3/3 levels left

rFire   . . .      SeeInvis .   a - +0 hand axe
rCold   . . .      Faith    .   (no shield)
rNeg    . . .      Spirit   .   i - +0 chain mail
rPois   .          Reflect  .   (no helmet)
rElec   .          Harm     .   (no cloak)
rCorr   .          Rampage  .   (no gloves)
Will    .....                   (no boots)
Stlth   ..........              (no amulet)
HPRegen 0.13/turn               (no ring)
MPRegen 0.09/turn               (no ring)

@: slowed, very slow
A: no striking features
a: no special abilities


You were on level 3 of the Dungeon.
You visited 1 branch of the dungeon, and saw 3 of its levels.

You collected 73 gold pieces.

Inventory:

Hand Weapons
 a - a +0 hand axe (weapon)
Missiles
 c - 47 stones (quivered)
 d - 5 poisoned darts
Armour
 b - a +0 robe
 e - a +0 ring mail
 i - a +0 chain mail (worn)
Scrolls
 f - a scroll of amnesia {unknown}
 g - a scroll of enchant weapon {unknown}
 j - a scroll of torment {unknown}
Potions
 h - a potion of ambrosia {unknown}
 k - a potion of invisibility {unknown}


   Skills:
 + Level 4.3 Fighting
 + Level 4.7 Axes
 + Level 2.9 Dodging
 + Level 2.3 Stealth


You had 3 spell levels left.
You didn't know any spells.
Your spell library contained the following spells:

 Spells                   Type           Power      Damage    Failure   Level
 Beastly Appendage        Tmut           0%         N/A       100%        1
 Foxfire                  Conj/Fire      0%         2x1d4     100%        1
 Slow                     Hex            0%         N/A       100%        1
 Sting                    Tmut/Pois      0%         1d3       100%        1
 Poisonous Vapours        Pois/Air       0%         N/A       100%        2
 Wereblood                Tmut           0%         N/A       100%        2
 Confusing Touch          Hex            0%         N/A       100%        3
 Conjure Flame            Conj/Fire      0%         6-21      100%        3
 Inner Flame              Hex/Fire       0%         N/A       100%        3
 Spider Form              Tmut/Pois      0%         N/A       100%        3
 Vampiric Draining        Necr           0%         2d6       100%        3
 Flame Wave               Conj/Fire      0%         2d4       100%        4
 Olgreb's Toxic Radiance  Pois           0%         N/A       100%        4


Dungeon Overview and Level Annotations

Branches:
Dungeon (3/15)

Altars:

Annotations:
D:3 Natasha


Message History

You are too injured to fight recklessly!
You are too injured to fight recklessly!
You are too injured to fight recklessly!
You are too injured to fight recklessly!
You are too injured to fight recklessly!
You closely miss Natasha.
Natasha is heavily wounded.
You barely miss the worm. Natasha casts a spell at you.
The magic dart hits you. The worm bites you!
* * * LOW HITPOINT WARNING * * *
Natasha claws you but does no damage.
You barely miss Natasha.
Natasha is heavily wounded.
You barely miss the worm. Natasha casts a spell at you.
The magic dart hits you but does no damage.
The worm bites you.
* * * LOW HITPOINT WARNING * * *
You closely miss Natasha.
Natasha is heavily wounded.
You completely miss the worm. Natasha claws you but does no damage.
Natasha mumbles some strange words.
The worm closely misses you.
You closely miss Natasha.
Natasha is moderately wounded.
You hit the worm. Natasha claws you but does no damage.
The worm bites you but does no damage.
You slash Natasha!
Natasha is almost dead.
You hit the worm. You hit the crimson imp. Natasha casts a spell at you.
You feel as though you will be slow longer.
The crimson imp blinks!
The crimson imp hits you but does no damage.
Natasha claws you.
* * * LOW HITPOINT WARNING * * *
The crimson imp hits you but does no damage.
The worm bites you.
You die...

#######.# #...# .....
......†.# #...# .....
...###### #...# .....
<#.# #...# .....
##.###### #...# .....
........# #...# . ....
##......######...# ...
....
.'...............##.....
...
##......##...###@w§.....
..
.............'.#5h......
..
##########...#.#5.......
.. #...#.#.##..... ..
#...#.#.# ..... ..
#...#.#.# .... ..
#####.#.# ....... ..
######....#.##........
..
..........#.##........
..


You could see a worm, Natasha and 2 crimson imps.

Vanquished Creatures
  Natasha (D:3)
  An adder (D:2)
  2 worms (D:2)
  A dart slug (D:2)
  A ball python (D:2)
  3 endoplasms
  A giant cockroach (D:2)
  A goblin (D:2)
  2 hobgoblins
  2 kobolds
  3 quokkas
  5 frilled lizards
  3 rats (D:2)
26 creatures vanquished.

Notes
Turn   | Place    | Note
-------+----------+-------------------------------------------
     0 | D:1      | fknight the Hill Orc Monk began the quest for the Orb.
     0 | D:1      | Reached XP level 1. HP: 19/19 MP: 1/1
   311 | D:1      | You fall into a shaft and drop 1 floor!
   320 | D:2      | Reached XP level 2. HP: 20/27 MP: 2/2
   961 | D:2      | Noticed a great orb of eyes
   964 | D:2      | Found a faded altar of an unknown god.
   966 | D:2      | Noticed a shining eye
   966 | D:2      | Noticed an eye of devastation
   966 | D:2      | Noticed a great orb of eyes
   988 | D:2      | Reached XP level 3. HP: 17/33 MP: 3/3
  1783 | D:3      | Noticed Natasha
  1792 | D:3      | Killed Natasha
  1793 | D:3      | Reached XP level 4. HP: 30/41 MP: 4/4
  1972 | D:3      | Noticed Natasha
  1986 | D:3      | HP: 2/41 [Natasha (2)]
  1986 | D:3      | Slain by a worm

Illustrated notes

Levels and vault maps discovered:
D:1:      dpeg_arrival_connections, layout_basic
D:2:      layout_rooms, hellmonk_ecumenical_altar_watching_god
D:3:      layout_basic, uniq_natasha

Skill      XL: |  1  2 |
---------------+-------+-----
Fighting       | 4 |  4.3
Stealth        | 2 |  2.3
Axes           | |  4.7
Dodging        | |  2.9

Action                   |  1- 3 |  4- 6 || total
-------------------------+-------+-------++-------
Melee: Hand axe          |    96 |    20 ||   116
       Punch             |     2 |       ||     2
Throw: Stone             |    13 |       ||    13
 Stab: Sleeping          |     1 |       ||     1
Armor: Robe              |     5 |       ||     5
       Ring mail         |    20 |       ||    20
       Chain mail        |    11 |    16 ||    27
Dodge: Dodged            |    33 |     5 ||    38
